PL
CALIFORNIA OCEANLINERS @ PHOENIX HOTSPUR
08/21/2019
 
TOP OF THE 1ST
California Oceanliners batting - Pitching for Phoenix Hotspur : RHP Aki Tanaka
Pitching: RHP Aki Tanaka
Batting: RHB Dave King 0-0: Foul Ball, location: 2F
0-1: Ball
1-1: Called Strike
1-2: Foul Ball, location: 2F
1-2: DOUBLE (Line Drive, 7LS)
Batting: LHB Kelly Brown 0-0: Ball
1-0: SINGLE (Line Drive, 9S)
Dave King to third
Runner from 3rd tries for Home, SAFE, no throw or cutoff
Batting: RHB John Downing 0-0: Ball
1-0: Ball
2-0: SINGLE (Line Drive, 4D)
Kelly Brown to second
Batting: LHB Mike Silver 0-0: Fielders Choice at 2nd, 4-6 (Groundball, 34)
Kelly Brown to third
Batting: LHB Tim Hargrove 0-0: Called Strike
0-1: Ball
1-1: Called Strike
Mike Silver steals 2nd base
1-2: Fly out, F9 (Line Drive, 9D)
Runner from 3rd tags up, SCORES, no throw
Mike Silver to third
Batting: RHB Takeru Sanu 0-0: Called Strike
0-1: Foul Ball, location: 2F
0-2: Foul Ball, location: 2F
0-2: SINGLE (Line Drive, 89S)
Mike Silver scores
Batting: RHB Domingo García 0-0: Foul Ball, location: 2F
0-1: Ball
1-1: Foul Ball, location: 2F
1-2: Ball
2-2: Fly out, F9 (Flyball, 89D)
Top of the 1st over - 3 run(s), 4 hit(s), 0 error(s), 1 left on base; California 3 - Phoenix 0
BOTTOM OF THE 1ST
Phoenix Hotspur batting - Pitching for California Oceanliners : RHP Sozen Raikatuji
Pitching: RHP Sozen Raikatuji
Batting: RHB Phil Johnston 0-0: Called Strike
0-1: Ball
1-1: Fly out, F5 (Line Drive, 56)
Batting: RHB Manny Freitas 0-0: Ball
1-0: Ground out 6-3 (Groundball, 6)
Batting: RHB Donald Thompson 0-0: Ball
1-0: Ball
2-0: Ball
3-0: Base on Balls
Batting: LHB Curt Webb 0-0: Called Strike
0-1: Swinging Strike
0-2: Ball
1-2: Foul Ball, location: 2F
1-2: Foul Ball, location: 2F
1-2: Ball
2-2: Foul Ball, location: 2F
2-2: Strikes out swinging
Bottom of the 1st over - 0 run(s), 0 hit(s), 0 error(s), 1 left on base; California 3 - Phoenix 0
TOP OF THE 2ND
California Oceanliners batting - Pitching for Phoenix Hotspur : RHP Aki Tanaka
Batting: LHB Nick Leonard 0-0: Swinging Strike
0-1: Ball
1-1: SINGLE (Groundball, 4MD)
Batting: RHB Sozen Raikatuji 0-0: Sac Bunt - play at first, batter OUT! 2-4
Nick Leonard to second
Batting: RHB Dave King 0-0: Ball
1-0: Called Strike
1-1: Foul Ball, location: 2F
1-2: Fly out, F7 (Flyball, 7M)
Batting: LHB Kelly Brown 0-0: Ground out 4-3 (Groundball, 4M)
Top of the 2nd over - 0 run(s), 1 hit(s), 0 error(s), 1 left on base; California 3 - Phoenix 0
BOTTOM OF THE 2ND
Phoenix Hotspur batting - Pitching for California Oceanliners : RHP Sozen Raikatuji
Batting: LHB Earl Ellis 0-0: Called Strike
0-1: Ball
1-1: Foul Ball, location: 2F
1-2: Ball
2-2: Ball
3-2: Foul Ball, location: 2F
3-2: Ground out U3 (Groundball, 3)
Batting: LHB Mike Pace 0-0: Called Strike
0-1: Ball
1-1: Ball
2-1: Foul Ball, location: 2F
2-2: Foul Ball, location: 2F
2-2: Ball
3-2: SINGLE (Groundball, 34D)
Batting: RHB Mike Lewis 0-0: Ball
1-0: Ball
2-0: Swinging Strike
2-1: Foul Ball, location: 2F
2-2: Strikes out swinging
Batting: LHB Aki Tanaka 0-0: Called Strike
0-1: Foul Ball, location: 2F
0-2: Ball
1-2: Ball
2-2: Strikes out swinging
Bottom of the 2nd over - 0 run(s), 1 hit(s), 0 error(s), 1 left on base; California 3 - Phoenix 0
TOP OF THE 3RD
California Oceanliners batting - Pitching for Phoenix Hotspur : RHP Aki Tanaka
Batting: RHB John Downing 0-0: Ball
1-0: Called Strike
1-1: Ball
2-1: Ball
3-1: Base on Balls
Batting: LHB Mike Silver 0-0: Foul Ball, location: 2F
0-1: DOUBLE (Line Drive, 7LS)
John Downing to third
Batting: LHB Tim Hargrove 0-0: Ball
1-0: Ball
2-0: Called Strike
2-1: Ball
3-1: Base on Balls
Batting: RHB Takeru Sanu 0-0: Foul Ball, location: 2F
0-1: Ball
1-1: Foul Ball, location: 2F
1-2: Foul Ball, location: 2F
1-2: Foul Ball, location: 2F
1-2: Foul Ball, location: 2F
1-2: SINGLE (Groundball, 6MD)
John Downing scores
Mike Silver to third
Tim Hargrove to second
Runner from 3rd tries for Home, SAFE, no throw or cutoff
Batting: RHB Domingo García 0-0: Called Strike
0-1: Ball
1-1: Ball
2-1: Grounds into double play, 4-6-3 (Groundball, 34)
Tim Hargrove to third
Batting: LHB Nick Leonard 0-0: Intentional Walk
Batting: RHB Sozen Raikatuji 0-0: Ball
1-0: Foul Ball, location: 2F
1-1: Foul Ball, location: 2F
1-2: Strikes out swinging
Top of the 3rd over - 2 run(s), 2 hit(s), 0 error(s), 2 left on base; California 5 - Phoenix 0
BOTTOM OF THE 3RD
Phoenix Hotspur batting - Pitching for California Oceanliners : RHP Sozen Raikatuji
Batting: LHB Ricardo Miranda 0-0: Called Strike
0-1: Ground out 4-3 (Groundball, 13)
Batting: RHB Phil Johnston 0-0: Ball
1-0: Foul Ball, location: 2F
1-1: Ball
2-1: Fly out, F9 (Flyball, 9LMF)
Batting: RHB Manny Freitas 0-0: Swinging Strike
0-1: Ball
1-1: Ball
2-1: SINGLE (Groundball, 4MD)
Batting: RHB Donald Thompson 0-0: Ball
1-0: Ball
2-0: Fly out, F9 (Flyball, 89M)
Bottom of the 3rd over - 0 run(s), 1 hit(s), 0 error(s), 1 left on base; California 5 - Phoenix 0
TOP OF THE 4TH
California Oceanliners batting - Pitching for Phoenix Hotspur : RHP Aki Tanaka
Batting: RHB Dave King 0-0: Ball
1-0: Called Strike
1-1: Ground out 3-1 (Groundball, 34)
Batting: LHB Kelly Brown 0-0: Ball
1-0: Swinging Strike
1-1: Ball
2-1: Swinging Strike
2-2: Ground out U3 (Groundball, 3S)
Batting: RHB John Downing 0-0: Foul Ball, location: 2F
0-1: Foul Ball, location: 2F
0-2: Foul Ball, location: 2F
0-2: Foul Ball, location: 2F
0-2: Fly out, F5 (Popup, 56)
Top of the 4th over - 0 run(s), 0 hit(s), 0 error(s), 0 left on base; California 5 - Phoenix 0
BOTTOM OF THE 4TH
Phoenix Hotspur batting - Pitching for California Oceanliners : RHP Sozen Raikatuji
Batting: LHB Curt Webb 0-0: Called Strike
0-1: Ball
1-1: Fly out, F9 (Flyball, 9D)
Batting: LHB Earl Ellis 0-0: Foul Ball, location: 2F
0-1: Foul Ball, location: 2F
0-2: Ball
1-2: Fly out, F7 (Flyball, 7M)
Batting: LHB Mike Pace 0-0: Swinging Strike
0-1: Swinging Strike
0-2: Foul Ball, location: 2F
0-2: Foul Ball, location: 2F
0-2: Ball
1-2: Ball
2-2: Strikes out swinging
Bottom of the 4th over - 0 run(s), 0 hit(s), 0 error(s), 0 left on base; California 5 - Phoenix 0
TOP OF THE 5TH
California Oceanliners batting - Pitching for Phoenix Hotspur : RHP Aki Tanaka
Batting: LHB Mike Silver 0-0: Called Strike
0-1: SINGLE (Line Drive, 89S)
Batting: LHB Tim Hargrove Pickoff Throw to First - Error! E1
Mike Silver to second
0-0: Foul Ball, location: 2F
0-1: Ball
1-1: Fly out, F7 (Line Drive, 7M)
Batting: RHB Takeru Sanu 0-0: Ball
1-0: Ball
2-0: Called Strike
2-1: Foul Ball, location: 2F
2-2: Ball
3-2: Ground out 6-3 (Groundball, 56)
Batting: RHB Domingo García 0-0: Ball
1-0: Ball
2-0: Ball
3-0: Called Strike
3-1: Base on Balls
Batting: LHB Nick Leonard 0-0: SINGLE (Line Drive, 8LS)
Mike Silver to third
Domingo García to second
Batting: RHB Sozen Raikatuji 0-0: Called Strike
0-1: Ball
1-1: Ball
2-1: Ground out 1-3 (Groundball, 15)
Top of the 5th over - 0 run(s), 2 hit(s), 1 error(s), 3 left on base; California 5 - Phoenix 0
BOTTOM OF THE 5TH
Phoenix Hotspur batting - Pitching for California Oceanliners : RHP Sozen Raikatuji
Batting: RHB Mike Lewis 0-0: Ball
1-0: Ball
2-0: Called Strike
2-1: Called Strike
2-2: Ball
3-2: Strikes out swinging
Pinch Hitting: RHB Chriss Mann 0-0: Called Strike
0-1: Fly out, F6 (Line Drive, 6)
Batting: LHB Ricardo Miranda 0-0: Ball
1-0: Called Strike
1-1: Called Strike
1-2: Ground out U3 (Groundball, 3L)
Bottom of the 5th over - 0 run(s), 0 hit(s), 0 error(s), 0 left on base; California 5 - Phoenix 0
TOP OF THE 6TH
California Oceanliners batting - Pitching for Phoenix Hotspur : RHP Aki Tanaka
Pitching: RHP Armando Féliz
Batting: RHB Dave King 0-0: Ball
1-0: Swinging Strike
1-1: Ball
2-1: Ball
3-1: Base on Balls
Batting: LHB Kelly Brown 0-0: Ball
1-0: Ball
2-0: SINGLE (Line Drive, 34D)
Dave King to second
Batting: RHB John Downing 0-0: Ball
1-0: Ball
2-0: Ball
3-0: SINGLE (Line Drive, 6M)
Dave King to third
Kelly Brown to second
Batting: LHB Mike Silver 0-0: Called Strike
0-1: Ball
1-1: Foul Ball, location: 2F
1-2: GRAND SLAM HOME RUN (Flyball, 9LD), Distance : 370 ft
Pitching: RHP Rafael Clemente
Batting: LHB Tim Hargrove 0-0: Ball
1-0: Swinging Strike
1-1: Swinging Strike
1-2: Ball
2-2: Ball
3-2: Ground out 4-3 (Groundball, 34)
Batting: RHB Takeru Sanu 0-0: Ball
1-0: Ball
2-0: Ball
3-0: Base on Balls
Batting: RHB Domingo García 0-0: Called Strike
0-1: Ball
1-1: DOUBLE (Flyball, 9LD)
Takeru Sanu to third
Batting: LHB Nick Leonard 0-0: Called Strike
0-1: Ball
1-1: Foul Ball, location: 2F
1-2: Ball
2-2: Foul Ball, location: 2F
2-2: Foul Ball, location: 2F
2-2: Fly out, F7 (Flyball, 7D)
Runner from 3rd tags up, SCORES, throw made
Batting: RHB Sozen Raikatuji 0-0: Ball
1-0: Ball
2-0: Called Strike
2-1: Ball
3-1: Foul Ball, location: 2F
3-2: Ground out 6-3 (Groundball, 6M)
Top of the 6th over - 5 run(s), 4 hit(s), 0 error(s), 1 left on base; California 10 - Phoenix 0
BOTTOM OF THE 6TH
Phoenix Hotspur batting - Pitching for California Oceanliners : RHP Sozen Raikatuji
Batting: RHB Phil Johnston 0-0: Ball
1-0: Swinging Strike
1-1: Called Strike
1-2: Ball
2-2: Foul Ball, location: 2F
2-2: Foul Ball, location: 2F
2-2: Ball
3-2: Foul Ball, location: 2F
3-2: Strikes out swinging
Batting: RHB Manny Freitas 0-0: Ball
1-0: Fly out, F7 (Line Drive, 78M)
Batting: RHB Donald Thompson 0-0: Ball
1-0: Called Strike
1-1: Ball
2-1: Swinging Strike
2-2: Strikes out swinging
Bottom of the 6th over - 0 run(s), 0 hit(s), 0 error(s), 0 left on base; California 10 - Phoenix 0
TOP OF THE 7TH
California Oceanliners batting - Pitching for Phoenix Hotspur : RHP Rafael Clemente
Batting: RHB Dave King 0-0: Ball
1-0: Ball
2-0: Ground out 1-3 (Groundball, 23)
Batting: LHB Kelly Brown 0-0: Ground out 4-3 (Groundball, 4)
Batting: RHB John Downing 0-0: Ball
1-0: Ball
2-0: Ball
3-0: Base on Balls
Batting: LHB Mike Silver 0-0: Called Strike
0-1: Ball
1-1: Ground out 4-3 (Groundball, 34)
Top of the 7th over - 0 run(s), 0 hit(s), 0 error(s), 1 left on base; California 10 - Phoenix 0
BOTTOM OF THE 7TH
Phoenix Hotspur batting - Pitching for California Oceanliners : RHP Sozen Raikatuji
Now at C: Ilusuarte Viamonte
Now at 1B: Kyle Taylor
Batting: LHB Curt Webb 0-0: Ball
1-0: Ball
2-0: Called Strike
2-1: Ground out 4-3 (Groundball, 4S)
Batting: LHB Earl Ellis 0-0: DOUBLE (Line Drive, 9LM)
Pitching: RHP Larry Lee
Batting: LHB Mike Pace 0-0: Ball
1-0: Ball
2-0: Ball
3-0: Base on Balls
Batting: RHB Mike Lewis 0-0: Called Strike
0-1: Swinging Strike
0-2: Ball
1-2: Ball
2-2: Strikes out swinging
Pinch Hitting: RHB Phil Terry 0-0: Foul Ball, location: 2F
0-1: Ball
1-1: Ball
2-1: Foul Ball, location: 2F
2-2: Ball
3-2: Strikes out swinging
Bottom of the 7th over - 0 run(s), 1 hit(s), 0 error(s), 2 left on base; California 10 - Phoenix 0
TOP OF THE 8TH
California Oceanliners batting - Pitching for Phoenix Hotspur : RHP Rafael Clemente
Pitching: RHP Ramiro Germán
Batting: LHB Tim Hargrove 0-0: Foul Ball, location: 2F
0-1: Foul Ball, location: 2F
0-2: Ball
1-2: Foul Ball, location: 2F
1-2: Foul Ball, location: 2F
1-2: Ball
2-2: Ball
3-2: Fly out, F1 (Popup, 23F)
Batting: RHB Takeru Sanu 0-0: Ball
1-0: Swinging Strike
1-1: SINGLE (Groundball, 34D)
Batting: RHB Domingo García 0-0: Called Strike
0-1: Swinging Strike
0-2: Strikes out swinging
Batting: LHB Nick Leonard 0-0: Ball
1-0: Foul Ball, location: 2F
1-1: Ball
2-1: Foul Ball, location: 2F
2-2: Strikes out swinging
Top of the 8th over - 0 run(s), 1 hit(s), 0 error(s), 1 left on base; California 10 - Phoenix 0
BOTTOM OF THE 8TH
Phoenix Hotspur batting - Pitching for California Oceanliners : RHP Larry Lee
Batting: LHB Ricardo Miranda 0-0: Called Strike
0-1: Ball
1-1: SINGLE (Line Drive, 34D)
Pinch Hitting: RHB Raúl González 0-0: Ball
1-0: Foul Ball, location: 2F
1-1: Foul Ball, location: 2F
1-2: Ball
2-2: Ball
3-2: Foul Ball, location: 2F
3-2: SINGLE (Line Drive, 6M)
Ricardo Miranda to second
Batting: RHB Manny Freitas 0-0: Foul Ball, location: 2F
0-1: Ball
1-1: Ball
2-1: DOUBLE (Line Drive, 34)
Ricardo Miranda scores
Raúl González to third
Batting: RHB Donald Thompson 0-0: Ground out 4-3 (Groundball, 4S)
Raúl González scores
Manny Freitas to third
Batting: LHB Curt Webb 0-0: SINGLE (Groundball, 34D)
Manny Freitas scores
Batting: LHB Earl Ellis 0-0: Called Strike
0-1: Foul Ball, location: 2F
0-2: Ball
1-2: Ball
2-2: Ball
3-2: DOUBLE (Flyball, 7LS)
Curt Webb to third
Batting: LHB Mike Pace 0-0: Ball
1-0: Swinging Strike
1-1: Called Strike
1-2: Strikes out looking
Batting: RHB Mike Lewis 0-0: Ball
1-0: Ball
2-0: Ground out 5-3 (Groundball, 5S)
Bottom of the 8th over - 3 run(s), 5 hit(s), 0 error(s), 2 left on base; California 10 - Phoenix 3
TOP OF THE 9TH
California Oceanliners batting - Pitching for Phoenix Hotspur : RHP Ramiro Germán
Now at C: Ray Schroeder
Now at 2B: Raúl González
Pinch Hitting: LHB Cristo Nieto 0-0: Ball
1-0: Called Strike
1-1: Ball
2-1: Called Strike
2-2: Ball
3-2: Foul Ball, location: 2F
3-2: Strikes out swinging
Batting: RHB Dave King 0-0: Ball
1-0: Foul Ball, location: 2F
1-1: Called Strike
1-2: Ball
2-2: SINGLE (Flyball, 9S)
Batting: RHB Ilusuarte Viamonte 0-0: Ball
1-0: Foul Ball, location: 2F
1-1: Ball
2-1: Ball
3-1: Called Strike
3-2: Base on Balls
Dave King to second
Batting: RHB John Downing 0-0: Foul Ball, location: 2F
0-1: Foul Ball, location: 2F
0-2: Grounds into double play, 6-4-3 (Groundball, 6M)
Top of the 9th over - 0 run(s), 1 hit(s), 0 error(s), 1 left on base; California 10 - Phoenix 3
BOTTOM OF THE 9TH
Phoenix Hotspur batting - Pitching for California Oceanliners : RHP Larry Lee
Pitching: RHP Gene Kirkland
Batting: SHB Ramiro Germán 0-0: Ball
1-0: Called Strike
1-1: Ball
2-1: Foul Ball, location: 2F
2-2: Ball
3-2: Foul Ball, location: 2F
3-2: Ground out 4-3 (Groundball, 4)
Batting: LHB Ricardo Miranda 0-0: Ball
1-0: Called Strike
1-1: SINGLE (Groundball, 4MD)
Batting: RHB Raúl González 0-0: Ball
1-0: Called Strike
1-1: Swinging Strike
1-2: Ball
2-2: Ball
3-2: Foul Ball, location: 2F
3-2: Strikes out swinging
Batting: RHB Manny Freitas 0-0: Ball
1-0: Ball
2-0: Ball
3-0: Foul Ball, location: 2F
3-1: Base on Balls
Ricardo Miranda to second
Batting: RHB Donald Thompson 0-0: Called Strike
0-1: Ball
Wild Pitch!
Ricardo Miranda to third
Manny Freitas to second
1-1: Called Strike
1-2: Ball
2-2: Strikes out swinging
Bottom of the 9th over - 0 run(s), 1 hit(s), 0 error(s), 2 left on base; California 10 - Phoenix 3
This league is powered by Out of the Park Baseball, the baseball management simulation game for PC, Mac and Linux
Saturday, July 25th, 2015 - OOTP Baseball 15.6 Build 34